 Dungeon Crawl Stone Soup version 0.22.0 (webtiles) character file.

1118 tev the Cleaver (level 8, -11/69 HPs)
             Began as a Minotaur Berserker on Aug 11, 2018.
             Was an Elder of Trog.
             Shot with an arrow by a centaur warrior (21 damage)
             ... on level 5 of the Dungeon.
             The game lasted 00:20:39 (5216 turns).

tev the Cleaver (Minotaur Berserker)                Turns: 5216, Time: 00:20:39

Health: -11/69     AC: 13    Str: 26    XL:     8   Next: 12%
Magic:  7/7        EV: 10    Int:  4    God:    Trog [****..]
Gold:   320        SH:  0    Dex: 11    Spells: 7/7 levels left

rFire    + + .     SeeInvis .   g - +2 hand axe (chop)
rCold    + + .     Gourm    .   (no shield)
rNeg     . . .     Faith    .   y - +0 chain mail
rPois    .         Spirit   .   (helmet restricted)
rElec    .         Reflect  .   (no cloak)
rCorr    .         Harm     .   z - +2 pair of gloves
MR       .....                  (no boots)
Stlth    ..........             (no amulet)
HPRegen  0.21/turn              A - ring "Caujape" {rF++ rC++ Slay-3 Stlth-}
MPRegen  0.10/turn              v - +3 ring of strength

@: lethally poisoned (-11 -> -11)
A: retaliatory headbutt, horns 2
a: Berserk, Trog's Hand, Brothers in Arms, Renounce Religion


You were on level 5 of the Dungeon.
You worshipped Trog.
Trog was greatly pleased with you.
You were hungry.

You visited 1 branch of the dungeon, and saw 5 of its levels.
You also visited: Sewer.

You collected 320 gold pieces.

Inventory:

Hand Weapons
 g - a +2 hand axe of chopping (weapon)
Armour
 y - a +0 chain mail (worn)
 z - a +2 pair of gloves (worn)
Jewellery
 t - an uncursed ring of flight
 v - a +3 ring of strength (right hand)
 A - the ring "Caujape" (left hand) {rF++ rC++ Slay-3 Stlth-}
   (You found it on level 5 of the Dungeon)

   [ring of attention]

   It affects your accuracy and damage with ranged weapons and melee attacks
   (-3).
   It greatly protects you from fire.
   It greatly protects you from cold.
   It makes you less stealthy.
Wands
 w - a wand of paralysis (5)
Scrolls
 b - 2 scrolls of enchant weapon {unknown}
 d - 2 scrolls of blinking {unknown}
 h - 4 scrolls of teleportation {unknown}
 j - 3 scrolls of magic mapping {unknown}
 k - 4 scrolls of remove curse
 l - 5 scrolls of identify {unknown}
 m - a scroll of random uselessness {unknown}
 n - a scroll of immolation {unknown}
 r - 3 scrolls of amnesia {unknown}
 s - a scroll of noise {unknown}
 C - a scroll of fog {unknown}
Potions
 a - a potion of invisibility {unknown}
 e - a potion of ambrosia {unknown}
 f - a potion of cancellation {unknown}
 i - 2 potions of lignification {unknown}
 o - a potion of magic {unknown}
 p - a potion of degeneration {unknown}
 q - 3 potions of flight {unknown}
 u - 4 potions of curing {unknown}
 x - 4 potions of heal wounds {unknown}
Comestibles
 c - 12 rations


   Skills:
 + Level 5.5 Fighting
 * Level 9.9 Axes
 + Level 4.9 Armour
 + Level 3.5 Dodging


You had 7 spell levels left.
You didn't know any spells.
Your spell library was empty.

Dungeon Overview and Level Annotations

Branches:
Dungeon (5/15)             Temple (0/1) D:5

Altars:
Okawaru
Sif Muna
Wu Jian
Yredelemnul


Innate Abilities, Weirdness & Mutations

You reflexively headbutt those who attack you in melee.
You have a pair of horns on your head.


Message History

You feel sick.
The centaur warrior shoots an arrow.
The arrow hits you but does no damage.
You see here an arrow.
You enter the shallow water.
Moving in this stuff is going to be slow.
The centaur warrior shoots an arrow.
The arrow hits you!!
You hear a splash.
The centaur warrior shoots an arrow.
The arrow completely misses you.
You see here an arrow.
You are too injured to fight recklessly!
You are too injured to fight recklessly!
You are too injured to fight recklessly!
You are too injured to fight recklessly!
The centaur warrior shoots an arrow.
The arrow misses you.
The centaur warrior shoots an arrow.
The arrow hits you!!
* * * LOW HITPOINT WARNING * * *
x2 You hear a splash.
You see here an arrow.
You feel sick.
The centaur warrior shoots an arrow.
The arrow hits you!!
You die...

..............≈≈≈≈≈...........###
..............................#
............#.................##
...............................##
..............###.##............#
.......########c#####......###...
....#'##≈≈?P. ..# ##....## ###.
....#.#;;..P. #.# #....## ##.
....#.#≈!.≈.. #@# ###.....####..
#...#.#≈≈≈PP. #(###........##...
##..#≈##≈(=.. #(≈#..............
##..##≈##########(##.............
#..####≈##≈:≈≈. #(.#............#
..## #.#;;.P≈. +#.#.............
..#####.#;≈?... #.#............#
......#.#≈≈(PP. #≈#............#
......#.##≈.... ##≈#............#


You could see a centaur warrior.

Vanquished Creatures
  An ice beast (D:5)
  A phantom (D:5)
  A centaur (D:5)
  A big kobold (Sewer)
  2 scorpions (D:5)
  A crimson imp (D:5)
  A centaur zombie (D:5)
  2 orc priests (D:4)
  4 orc wizards
  Jessica (D:5)
  An iguana (D:4)
  Ijyb (D:3)
  3 worker ants
  2 worker ant zombies
  3 gnolls (D:4)
  6 adders
  4 river rats (D:3)
  An ooze (D:1)
  An adder skeleton (D:5)
  6 worms
  4 dart slugs
  6 leopard geckos
  19 orcs
  6 bats
  7 giant cockroaches
  3 goblins
  9 hobgoblins
  8 jackals
  16 kobolds
  A quokka (D:3)
  2 ball pythons (D:3)
  4 frilled lizards
  16 rats
144 creatures vanquished.

Notes
Turn   | Place    | Note
-------+----------+-------------------------------------------
     0 | D:1      | tev the Minotaur Berserker began the quest for the Orb.
     0 | D:1      | Reached XP level 1. HP: 19/19 MP: 0/0
   265 | D:1      | Reached skill level 4 in Axes
   431 | D:1      | Reached XP level 2. HP: 27/27 MP: 1/1
   832 | D:1      | Reached ** piety under Trog
   832 | D:1      | Reached XP level 3. HP: 32/33 MP: 2/2
  1739 | D:3      | Reached skill level 5 in Axes
  1771 | D:3      | Reached XP level 4. HP: 35/40 MP: 3/3
  2135 | D:3      | Noticed Ijyb
  2141 | D:3      | Killed Ijyb
  2202 | D:3      | Reached *** piety under Trog
  2202 | D:3      | Reached XP level 5. HP: 44/46 MP: 4/4
  2225 | D:3      | Reached skill level 6 in Axes
  2270 | D:3      | Found a glowing drain.
  2274 | Sewer    | Entered a sewer
  2618 | Sewer    | Found a white marble altar of Elyvilon.
  2691 | D:3      | Reached XP level 6. HP: 45/53 MP: 5/5
  3115 | D:4      | Reached skill level 7 in Axes
  3219 | D:4      | Reached **** piety under Trog
  3587 | D:4      | Found an ornate altar of the Wu Jian Council.
  3801 | D:4      | Reached XP level 7. HP: 54/60 MP: 6/6
  3845 | D:4      | Reached skill level 8 in Axes
  4119 | D:4      | Found an iron altar of Okawaru.
  4171 | D:5      | Entered Level 5 of the Dungeon
  4193 | D:5      | Reached skill level 5 in Fighting
  4439 | D:5      | Reached skill level 9 in Axes
  4634 | D:5      | Got a scintillating golden ring
  4636 | D:5      | Identified the ring "Caujape" {rF++ rC++ Slay-3 Stlth-} (You found it on level 5 of the Dungeon)
  4807 | D:5      | Found a staircase to the Ecumenical Temple.
  4916 | D:5      | Found a basalt altar of Yredelemnul.
  4941 | D:5      | Noticed Jessica
  4952 | D:5      | Found a deep blue altar of Sif Muna.
  4955 | D:5      | Killed Jessica
  5001 | D:5      | Reached XP level 8. HP: 52/69 MP: 7/7
  5212 | D:5      | Noticed a centaur warrior
  5216 | D:5      | Shot with an arrow by a centaur warrior

Skill      XL: |  1  2  3  4  5  6  7 |
---------------+----------------------+-----
Axes           | 4 5 6 7 9 |  9.9
Fighting       | 4 5 |  5.5
Armour         | 3 4 |  4.9
Dodging        | 3 |  3.5

Action                   |  1- 3 |  4- 6 |  7- 9 || total
-------------------------+-------+-------+-------++-------
Melee: Hand axe          |    80 |     7 |    63 ||   150
       Headbutt          |    10 |    25 |    19 ||    54
       War axe           |       |   174 |     7 ||   181
Invok: Berserk           |       |     2 |     1 ||     3
 Abil: Evoke Flight      |       |       |     1 ||     1
  Use: Scroll            |       |     1 |       ||     1
 Stab: Sleeping          |     1 |       |       ||     1
  Eat: Chunk             |     2 |     9 |     5 ||    16
Armor: Animal skin       |     2 |       |       ||     2
       Ring mail         |    11 |       |       ||    11
       Scale mail        |     4 |    49 |     3 ||    56
       Chain mail        |       |       |    21 ||    21
Dodge: Dodged            |    57 |   102 |    32 ||   191
